MID
LANSING LUGNUTS @ BOWLING GREEN HOT RODS
07/07/2049
 
TOP OF THE 1ST
Lansing Lugnuts batting - Pitching for Bowling Green Hot Rods : RHP Quincy Bowen
Pitching: RHP Quincy Bowen
Batting: RHB Dylan Phillips 0-0: Fly out, F9 (Flyball, 9D, EV 97.5 MPH)
Batting: RHB Carlos Renteria 0-0: Ball
1-0: Ball
2-0: Foul Ball, location: 2F
2-1: Foul Ball, location: 2F
2-2: Strikes out swinging
Batting: LHB Marc Carter 0-0: DOUBLE (Line Drive, 7LS, EV 102.5 MPH)
Batting: RHB Raul de la Cruz 0-0: Called Strike
0-1: Foul Ball, location: 2F
0-2: Ball
1-2: Foul Ball, location: 2F
1-2: Foul Ball, location: 2F
1-2: Ball
2-2: 2-RUN HOME RUN (Flyball, 7D, EV 96.9 MPH), Distance : 376 ft
Batting: LHB Danny Bailey 0-0: Called Strike
0-1: Ball
1-1: Foul Ball, location: 2F
1-2: Ground out 4-3 (Groundball, 4, EV 95.6 MPH)
Top of the 1st over - 2 runs, 2 hits, 0 errors, 0 left on base; Lansing 2 - Bowling Green 0
BOTTOM OF THE 1ST
Bowling Green Hot Rods batting - Pitching for Lansing Lugnuts : RHP Gabe Nalley
Pitching: RHP Gabe Nalley
Batting: LHB Sean Banks 0-0: Ball
1-0: Foul Ball, location: 2F
1-1: Foul Ball, location: 2F
1-2: Ball
2-2: Foul Ball, location: 2F
2-2: Ball
3-2: Ground out 6-3 (Groundball, 4MS, EV 63.1 MPH)
Batting: SHB Luis Verduzco 0-0: Swinging Strike
0-1: Called Strike
0-2: Ball
1-2: Strikes out swinging
Batting: LHB Rocky Crowley 0-0: Ball
1-0: Ball
2-0: Ground out 4-3 (Groundball, 4, EV 105.0 MPH)
Bottom of the 1st over - 0 runs, 0 hits, 0 errors, 0 left on base; Lansing 2 - Bowling Green 0
TOP OF THE 2ND
Lansing Lugnuts batting - Pitching for Bowling Green Hot Rods : RHP Quincy Bowen
Batting: RHB Butch Koglin 0-0: Ball
1-0: Foul Ball, location: 2F
1-1: Ball
2-1: Foul Ball, location: 2F
2-2: Strikes out looking
Batting: RHB Javier Garcia 0-0: Ball
1-0: Called Strike
1-1: Ball
2-1: Ball
3-1: Called Strike
3-2: Strikes out swinging
Batting: LHB Roger Escareno 0-0: Ball
1-0: Swinging Strike
1-1: Ball
2-1: Fly out, F7 (Flyball, 7, EV 86.9 MPH)
Top of the 2nd over - 0 runs, 0 hits, 0 errors, 0 left on base; Lansing 2 - Bowling Green 0
BOTTOM OF THE 2ND
Bowling Green Hot Rods batting - Pitching for Lansing Lugnuts : RHP Gabe Nalley
Batting: RHB Dermott Kennelly 0-0: Called Strike
0-1: Ball
1-1: Foul Ball, location: 2F
1-2: Hit by Pitch
Batting: RHB John Downing 0-0: Called Strike
Dermott Kennelly steals 2nd base
0-1: Swinging Strike
0-2: Foul Ball, location: 2F
0-2: Ball
1-2: Foul Ball, location: 2F
1-2: Foul Ball, location: 2F
1-2: Strikes out swinging
Batting: RHB Tim Dower 0-0: Fly out, F9 (Flyball, 9S, EV 91.9 MPH)
Batting: RHB Jim Erdody 0-0: Called Strike
0-1: Ball
1-1: Called Strike
1-2: Ball
2-2: Ball
3-2: Strikes out swinging
Bottom of the 2nd over - 0 runs, 0 hits, 0 errors, 1 left on base; Lansing 2 - Bowling Green 0
TOP OF THE 3RD
Lansing Lugnuts batting - Pitching for Bowling Green Hot Rods : RHP Quincy Bowen
Batting: RHB Ricky Carbajal 0-0: Ball
1-0: Called Strike
1-1: Ground out 6-3 (Groundball, 6, EV 89.4 MPH)
Batting: RHB Dylan Phillips 0-0: Called Strike
0-1: Ball
1-1: Ball
2-1: Ball
3-1: Base on Balls
Batting: RHB Carlos Renteria 0-0: Fielders Choice at 2nd, 4-6 (Groundball, 4, EV 88.1 MPH)
Batting: LHB Marc Carter 0-0: Called Strike
0-1: Called Strike
0-2: Ball
1-2: Foul Ball, location: 2F
1-2: Ball
Wild Pitch!
Carlos Renteria to second
2-2: Ball
3-2: Ground out 6-3 (Groundball, 6D, EV 103.8 MPH)
Top of the 3rd over - 0 runs, 0 hits, 0 errors, 1 left on base; Lansing 2 - Bowling Green 0
BOTTOM OF THE 3RD
Bowling Green Hot Rods batting - Pitching for Lansing Lugnuts : RHP Gabe Nalley
Batting: LHB Eduardo Lopez 0-0: Ball
1-0: Fly out, F9 (Flyball, 9, EV 88.8 MPH)
Batting: RHB Dave Valdez 0-0: Ball
1-0: Ball
2-0: Foul Ball, location: 2F
2-1: SINGLE (Groundball, 56S, EV 63.8 MPH) (infield hit)
Batting: LHB Sean Banks 0-0: Fly out, F9 (Flyball, 9S, EV 84.4 MPH)
Batting: SHB Luis Verduzco 0-0: Called Strike
Dave Valdez steals 2nd base
0-1: Foul Ball, location: 2F
0-2: Foul Ball, location: 2F
0-2: Strikes out swinging
Bottom of the 3rd over - 0 runs, 1 hit, 0 errors, 1 left on base; Lansing 2 - Bowling Green 0
TOP OF THE 4TH
Lansing Lugnuts batting - Pitching for Bowling Green Hot Rods : RHP Quincy Bowen
Batting: RHB Raul de la Cruz 0-0: Foul Ball, location: 2F
0-1: Ball
1-1: Ball
2-1: Ground out 5-3 (Groundball, 56S, EV 90.0 MPH)
Batting: LHB Danny Bailey 0-0: Ball
1-0: SINGLE (Groundball, 4M, EV 108.8 MPH) (infield hit)
Batting: RHB Butch Koglin 0-0: Called Strike
0-1: Swinging Strike
0-2: Ball
1-2: Foul Ball, location: 2F
1-2: Ball
2-2: Foul Ball, location: 2F
2-2: Ball
3-2: Foul Ball, location: 2F
3-2: Base on Balls
Danny Bailey to second
Batting: RHB Javier Garcia 0-0: Ball
1-0: Called Strike
Danny Bailey steals 3rd, throwing error, E2
Danny Bailey scores
Butch Koglin to third
1-1: Swinging Strike
1-2: Ball
2-2: Ball
3-2: Base on Balls
Batting: LHB Roger Escareno 0-0: Ball
1-0: Called Strike
1-1: Ball
2-1: Fielders Choice at 2nd, 3-6 (Groundball, 34S, EV 80.6 MPH)
Butch Koglin scores
Batting: RHB Ricky Carbajal 0-0: 2-RUN HOME RUN (Flyball, 7LD, EV 91.2 MPH), Distance : 350 ft
Pitching: RHP Josh O'Neal
Batting: RHB Dylan Phillips 0-0: Foul Ball, location: 2F
0-1: Foul Ball, location: 2F
0-2: Ball
1-2: Foul Ball, location: 2F
1-2: Ball
2-2: SOLO HOME RUN (Flyball, 7D, EV 94.4 MPH), Distance : 378 ft
Batting: RHB Carlos Renteria 0-0: Ball
1-0: Ball
2-0: Ball
3-0: Base on Balls
Batting: LHB Marc Carter 0-0: Ball
Carlos Renteria steals 2nd base
1-0: Swinging Strike
1-1: Foul Ball, location: 2F
1-2: Ball
2-2: Strikes out swinging
Top of the 4th over - 5 runs, 3 hits, 1 error, 1 left on base; Lansing 7 - Bowling Green 0
BOTTOM OF THE 4TH
Bowling Green Hot Rods batting - Pitching for Lansing Lugnuts : RHP Gabe Nalley
Batting: LHB Rocky Crowley 0-0: Fly out, F7 (Flyball, 78M, EV 91.2 MPH)
Batting: RHB Dermott Kennelly 0-0: Foul Ball, location: 2F
0-1: Ball
1-1: Swinging Strike
1-2: Ball
2-2: Strikes out swinging
Batting: RHB John Downing 0-0: Called Strike
0-1: Ball
1-1: Swinging Strike
1-2: Foul Ball, location: 2F
1-2: Ball
2-2: Foul Ball, location: 2F
2-2: Foul Ball, location: 2F
2-2: Strikes out swinging
Bottom of the 4th over - 0 runs, 0 hits, 0 errors, 0 left on base; Lansing 7 - Bowling Green 0
TOP OF THE 5TH
Lansing Lugnuts batting - Pitching for Bowling Green Hot Rods : RHP Josh O'Neal
Batting: RHB Raul de la Cruz 0-0: Ball
1-0: Called Strike
1-1: Ball
2-1: Ball
3-1: Foul Ball, location: 2F
3-2: Strikes out looking
Batting: LHB Danny Bailey 0-0: Ball
1-0: Called Strike
1-1: Hit by Pitch
Batting: RHB Butch Koglin 0-0: Foul Ball, location: 2F
0-1: Called Strike
0-2: Ball
1-2: Ball
Danny Bailey steals 2nd, throwing error, E2
Danny Bailey to third
2-2: Foul Ball, location: 2F
2-2: Strikes out swinging
Batting: RHB Javier Garcia 0-0: Ball
1-0: 2-RUN HOME RUN (Flyball, 89XD, EV 107.5 MPH), Distance : 403 ft
Batting: LHB Roger Escareno 0-0: Fly out, F6 (Line Drive, 6, EV 55.6 MPH)
Top of the 5th over - 2 runs, 1 hit, 1 error, 0 left on base; Lansing 9 - Bowling Green 0
BOTTOM OF THE 5TH
Bowling Green Hot Rods batting - Pitching for Lansing Lugnuts : RHP Gabe Nalley
Batting: RHB Tim Dower 0-0: Swinging Strike
0-1: Ball
1-1: Ball
2-1: Foul Ball, location: 2F
2-2: SINGLE (Groundball, 4D, EV 103.8 MPH)
Batting: RHB Jim Erdody 0-0: Ball
1-0: Called Strike
1-1: Foul Ball, location: 2F
1-2: Ball
2-2: Foul Ball, location: 2F
2-2: Strikes out swinging
Batting: LHB Eduardo Lopez 0-0: Called Strike
Tim Dower is caught stealing 2nd base 2-6
0-1: Called Strike
0-2: Ball
1-2: Foul Ball, location: 2F
1-2: Strikes out swinging
Bottom of the 5th over - 0 runs, 1 hit, 0 errors, 0 left on base; Lansing 9 - Bowling Green 0
TOP OF THE 6TH
Lansing Lugnuts batting - Pitching for Bowling Green Hot Rods : RHP Josh O'Neal
Batting: RHB Ricky Carbajal 0-0: Called Strike
0-1: Ball
1-1: SINGLE (Groundball, 34D, EV 106.2 MPH)
Batting: RHB Dylan Phillips 0-0: Ball
1-0: Ball
2-0: Called Strike
2-1: Swinging Strike
2-2: Strikes out swinging
Pitching: RHP Andres Morales
Batting: RHB Carlos Renteria 0-0: Ball
Ricky Carbajal is caught stealing 2nd base 2-4
1-0: Ball
2-0: SINGLE (Groundball, 34D, EV 105.0 MPH)
Batting: LHB Marc Carter 0-0: Called Strike
Carlos Renteria steals 2nd base
0-1: Ball
1-1: Fly out, F5 (Line Drive, 5, EV 70.0 MPH)
Top of the 6th over - 0 runs, 2 hits, 0 errors, 1 left on base; Lansing 9 - Bowling Green 0
BOTTOM OF THE 6TH
Bowling Green Hot Rods batting - Pitching for Lansing Lugnuts : RHP Gabe Nalley
Batting: RHB Dave Valdez 0-0: Called Strike
0-1: Ball
1-1: Ball
2-1: Foul Ball, location: 2F
2-2: Fly out, F7 (Flyball, 7D, EV 100.0 MPH)
Batting: LHB Sean Banks 0-0: Called Strike
0-1: Swinging Strike
0-2: Strikes out swinging
Batting: SHB Luis Verduzco 0-0: Ball
1-0: Swinging Strike
1-1: DOUBLE (Groundball, 5L, EV 105.0 MPH)
Batting: LHB Rocky Crowley 0-0: Foul Ball, location: 2F
0-1: Ball
1-1: Ball
2-1: Ball
3-1: Foul Ball, location: 2F
3-2: Strikes out looking
Bottom of the 6th over - 0 runs, 1 hit, 0 errors, 1 left on base; Lansing 9 - Bowling Green 0
TOP OF THE 7TH
Lansing Lugnuts batting - Pitching for Bowling Green Hot Rods : RHP Andres Morales
Batting: RHB Raul de la Cruz 0-0: Foul Ball, location: 2F
0-1: Ball
1-1: Called Strike
1-2: Ground out 6-3 (Groundball, 6, EV 92.5 MPH)
Batting: LHB Danny Bailey 0-0: Swinging Strike
0-1: Called Strike
0-2: Strikes out swinging
Batting: RHB Butch Koglin 0-0: Ground out 6-3 (Groundball, 6, EV 83.8 MPH)
Top of the 7th over - 0 runs, 0 hits, 0 errors, 0 left on base; Lansing 9 - Bowling Green 0
BOTTOM OF THE 7TH
Bowling Green Hot Rods batting - Pitching for Lansing Lugnuts : RHP Gabe Nalley
Now at 1B: Rodrigo Briceno
Now in LF: Dan Hilyer
Batting: RHB Dermott Kennelly 0-0: Ball
1-0: Foul Ball, location: 2F
1-1: Ball
2-1: Foul Ball, location: 2F
2-2: Fly out, F7 (Flyball, 7, EV 81.9 MPH)
Batting: RHB John Downing 0-0: Ground out 6-3 (Groundball, 56, EV 85.6 MPH)
Batting: RHB Tim Dower 0-0: Ball
1-0: Ball
2-0: Ball
3-0: Called Strike
3-1: Base on Balls
Batting: RHB Jim Erdody 0-0: Ball
1-0: Ball
2-0: Swinging Strike
2-1: SINGLE (Groundball, 56D, EV 103.8 MPH)
Tim Dower to second
Batting: LHB Eduardo Lopez 0-0: Called Strike
0-1: Ball
1-1: Ball
2-1: Ball
3-1: Foul Ball, location: 2F
3-2: Foul Ball, location: 2F
3-2: Base on Balls
Tim Dower to third
Jim Erdody to second
Batting: RHB Dave Valdez 0-0: Fielders Choice at 2nd, 6-4 (Groundball, 6, EV 85.6 MPH)
Bottom of the 7th over - 0 runs, 1 hit, 0 errors, 3 left on base; Lansing 9 - Bowling Green 0
TOP OF THE 8TH
Lansing Lugnuts batting - Pitching for Bowling Green Hot Rods : RHP Andres Morales
Batting: RHB Javier Garcia 0-0: Swinging Strike
0-1: Foul Ball, location: 2F
0-2: Ball
1-2: Strikes out swinging
Batting: LHB Roger Escareno 0-0: Ball
1-0: Foul Ball, location: 2F
1-1: Ground out 6-3 (Groundball, 6MD, EV 78.8 MPH)
Pinch Hitting: RHB Jorge Baret 0-0: Swinging Strike
0-1: Called Strike
0-2: Strikes out looking
Top of the 8th over - 0 runs, 0 hits, 0 errors, 0 left on base; Lansing 9 - Bowling Green 0
BOTTOM OF THE 8TH
Bowling Green Hot Rods batting - Pitching for Lansing Lugnuts : RHP Gabe Nalley
Now at 3B: Jamie Ogilvie
Now in LF: Jorge Baret
Now in CF: Dan Hilyer
Now in RF: Timo Gomez
Batting: LHB Sean Banks 0-0: Called Strike
0-1: Called Strike
0-2: Ball
1-2: Strikes out swinging
Batting: SHB Luis Verduzco 0-0: Foul Ball, location: 2F
0-1: Ball
1-1: Foul Ball, location: 2F
1-2: Ball
2-2: Ground out 4-3 (Groundball, 34D, EV 99.4 MPH)
Batting: LHB Rocky Crowley 0-0: Foul Ball, location: 2F
0-1: Swinging Strike
0-2: Ball
1-2: Foul Ball, location: 2F
1-2: Ball
2-2: Foul Ball, location: 2F
2-2: Ball
3-2: Foul Ball, location: 2F
3-2: TRIPLE (Flyball, 89XD, EV 100.6 MPH)
Pitching: LHP Kevin Turner
Now in LF: Dan Hilyer
Now in CF: Brian Manson
Batting: RHB Dermott Kennelly 0-0: Called Strike
0-1: Ground out 6-3 (Groundball, 6, EV 90.0 MPH)
Bottom of the 8th over - 0 runs, 1 hit, 0 errors, 1 left on base; Lansing 9 - Bowling Green 0
TOP OF THE 9TH
Lansing Lugnuts batting - Pitching for Bowling Green Hot Rods : RHP Andres Morales
Pinch Hitting: RHB Norm Mercer 0-0: Foul Ball, location: 2F
0-1: Ball
1-1: Ball
2-1: Ball
3-1: Foul Ball, location: 2F
3-2: Strikes out swinging, 2-3 out at first.
Pitching: RHP Mike Oliver
Pinch Hitting: RHB Freddy Quintero 0-0: Called Strike
0-1: Ball
1-1: Ball
2-1: Ball
3-1: Ground out 5-3 (Groundball, 56, EV 83.1 MPH)
Batting: LHB Timo Gomez 0-0: Swinging Strike
0-1: Ball
1-1: Ball
2-1: Ball
3-1: SINGLE (Line Drive, 5D, EV 103.8 MPH)
Batting: RHB Raul de la Cruz 0-0: Ball
Timo Gomez is caught stealing 2nd base 2-4
Top of the 9th over - 0 runs, 1 hit, 0 errors, 0 left on base; Lansing 9 - Bowling Green 0
BOTTOM OF THE 9TH
Bowling Green Hot Rods batting - Pitching for Lansing Lugnuts : LHP Kevin Turner
Now at 2B: Norm Mercer
Now at 3B: Freddy Quintero
Now at SS: Jamie Ogilvie
Batting: RHB John Downing 0-0: Called Strike
0-1: Ball
1-1: Ball
2-1: Foul Ball, location: 2F
2-2: Ball
3-2: Foul Ball, location: 2F
3-2: Hit by Pitch
Batting: RHB Tim Dower 0-0: Called Strike
0-1: Ball
1-1: Called Strike
1-2: Fielders Choice at 2nd, 3-6 (Groundball, 3S, EV 85.0 MPH)
Batting: RHB Jim Erdody 0-0: Called Strike
0-1: Grounds into double play, 6-4-3 (Groundball, 6S, EV 81.2 MPH)
Bottom of the 9th over - 0 runs, 0 hits, 0 errors, 0 left on base; Lansing 9 - Bowling Green 0
Sunday, July 16th , 2023 - OOTP Baseball 24.6 Build 69